 Dungeon Crawl Stone Soup version 0.26-a0-667-g92642533e4 (webtiles) character file.

Game seed: 15057402698726311448

11290 Lavandula the Frost Mage (level 11, -5/68 HPs)
             Began as a Demonspawn Ice Elementalist on Oct 15, 2020.
             Was a Priest of Sif Muna.
             Slain by a storm dragon (9 damage)
             ... on level 13 of the Dungeon on Oct 16, 2020.
             The game lasted 00:39:35 (12604 turns).

Lavandula the Frost Mage (DsIE)                    Turns: 12604, Time: 00:39:36

Health: -5/68      AC: 14    Str:  8    XL:     11   Next: 47%
Magic:  13/20      EV: 12    Int: 21    God:    Sif Muna [***...]
Gold:   182        SH:  0    Dex: 13    Spells: 3/22 levels left

rFire    + + .     SeeInvis .   j - +3 dagger (venom)
rCold    + . .     Faith    .   (no shield)
rNeg     + + +     Spirit   .   D - +1 robe {MR+}
rPois    +         Reflect  .   (helmet restricted)
rElec    +         Harm     .   s - +0 cloak
rCorr    +         Rampage  .   N - +0 pair of gloves "Leatha" {*Corrode rF+ rN+++}
MR       +....                  q - +0 pair of boots
Stlth    ++........             U - amulet of magic regeneration
HPRegen  0.21/turn              d - +4 ring of protection
MPRegen  0.42/turn              O - +4 ring of protection

@: about to teleport, resistant
A: claws 1, horns 2, talons 1, demonic guardian 2, powered by death 1
a: Channel Magic, Forget Spell, Renounce Religion


You were on level 13 of the Dungeon.
You worshipped Sif Muna.
Sif Muna was most pleased with you.
You visited 2 branches of the dungeon, and saw 14 of its levels.

You collected 608 gold pieces.
You spent 426 gold pieces at shops.

Inventory:

Hand Weapons
 e - a +0 spear
 j - a +3 dagger of venom (weapon)
 n - a +5 dagger
 w - the +4 hand crossbow "Orooq" {venom, Dex+4}
   (You found it on level 5 of the Dungeon)

   It poisons the ammo it fires.
   It affects your dexterity (+4).
 x - a +1 rapier of speed
 H - a +2 demon whip of freezing
Missiles
 o - 15 poisoned darts (quivered)
 R - 7 javelins
Armour
 q - a +0 pair of boots (worn)
 s - a +0 cloak (worn)
 D - a +1 robe of magic resistance (worn)
 G - a +1 robe of positive energy
 N - the +0 pair of gloves "Leatha" (worn) {*Corrode rF+ rN+++}
   (You found it on level 10 of the Dungeon)

   It protects you from fire.
   It renders you almost immune to negative energy.
   It may corrode you when you take damage.
Jewellery
 d - a +4 ring of protection (left hand)
 C - an uncursed amulet of reflection
 O - a +4 ring of protection (right hand)
 S - an uncursed ring of ice
 U - an amulet of magic regeneration (around neck)
Wands
 t - a wand of iceblast (6)
 F - a wand of random effects (39)
 I - a wand of paralysis (11)
 J - a wand of polymorph (1)
 P - a wand of acid (6)
 Q - a wand of flame (33)
 T - a wand of digging (8)
Scrolls
 b - 3 scrolls of remove curse
 c - 2 scrolls of fear
 g - 2 scrolls of fog
 i - 2 scrolls of enchant armour
 k - 7 scrolls of teleportation
 l - 2 scrolls of amnesia
 u - 2 scrolls of magic mapping
 y - 4 scrolls of immolation
 E - a scroll of silence
Potions
 a - a potion of resistance
 h - 2 potions of ambrosia
 m - 2 potions of flight
 p - a potion of cancellation
 r - 2 potions of magic
 v - 2 potions of stabbing
 z - a potion of might
 A - 3 potions of lignification
 B - 3 potions of invisibility
 K - a potion of brilliance
 L - a potion of heal wounds
 M - 3 potions of curing
 V - a potion of haste {unknown}
Miscellaneous
 f - a box of beasts (1/3)


   Skills:
 - Level 5.0 Short Blades
 - Level 1.7 Dodging
 - Level 1.7 Stealth
 - Level 6.2 Spellcasting
 - Level 7.0 Conjurations
 - Level 2.8 Hexes
 - Level 6.0 Summonings
 - Level 11.2 Ice Magic
 - Level 6.8 Invocations


You had 3 spell levels left.
You knew the following spells:

 Your Spells              Type           Power        Failure   Level
a - Freeze                Ice            ####         1%          1
b - Frozen Ramparts       Ice            ######       1%          3
c - Ozocubu's Armour      Ice            ######..     1%          3
d - Summon Ice Beast      Ice/Summ       #####...     2%          4
e - Hailstorm             Conj/Ice       #####...     2%          4
f - Fulminant Prism       Conj/Hex       ####......   13%         4

Your spell library contained the following spells:

 Spells                   Type           Power        Failure   Level
 Magic Dart               Conj           ####         1%          1
 Searing Ray              Conj           #####.       1%          2
 Shock                    Conj/Air       ###.         2%          1
 Dazzling Flash           Conj/Hex       ####..       3%          3
 Static Discharge         Conj/Air       ###.....     7%          3
 Stone Arrow              Conj/Erth      ###...       7%          3
 Sandblast                Erth           #.....       10%         1
 Passwall                 Tmut/Erth      #.......     14%         2
 Swiftness                Air            #.......     14%         2
 Iskenderun's Mystic Bla  Conj/Tloc      ###.....     22%         4
 Lightning Bolt           Conj/Air       ###.......   54%         5
 Airstrike                Air            #.........   67%         4
 Petrify                  Tmut/Erth      #.......     67%         4
 Lee's Rapid Deconstruct  Erth           #.........   95%         5


Dungeon Overview and Level Annotations

Branches:
Dungeon (13/15)            Temple (1/1) D:6            Lair (0/6) D:9
    Orc (0/2) D:9
 Vaults: D:13-14

Altars:
Ashenzari
Cheibriados
Dithmenos
Elyvilon
Fedhas
Gozag
Hepliaklqana
Kikubaaqudgha
Makhleb
Okawaru
Ru
Sif Muna
Uskayaw
Xom
Yredelemnul

Shops:
D:4 (   D:10 }*!:!   D:11 [   D:12 *   D:13 [

Annotations:
D:5 Grinder
D:8 ZhuZhu's ghost, novice OgBe
D:11 Urug


Innate Abilities, Weirdness & Mutations

You have sharp fingernails.
You have a pair of horns on your head.
You have sharp toenails.
A demonic guardian rushes to your aid.
You regenerate a little health from kills.


Message History

Evoke which item? (* to show all) (? for menu, Esc to quit)
Okay, then.
Unknown command.
The storm dragon breathes lightning at you.
The bolt of lightning hits you! You resist.
* * * LOW HITPOINT WARNING * * *
Unknown command.
Evoke which item? (* to show all) (? for menu, Esc to quit)
You open the lid... ...and a larval firebat beast flies out!
Unknown command.
Okay, then.
Unknown command.
As you read the scroll of teleportation, it crumbles to dust.
You feel strangely unstable.
Your larval firebat beast barely misses the storm dragon.
The storm dragon bites you!
* * * LOW HITPOINT WARNING * * *
The storm dragon claws you!
You die...

:|4.#...# #.....# ##.## #.###
:D##.#..## ##..#..# #.# #....
. #.##...###...#..# #.# ##.###
#.# ##.......##.## #.# #.....
#.# ##.....###.# #.# #..### .#
#####.#####.# #.#####..##. .
#....)....#.# #......<....
#....#.YY.#3# #####..##.
#..#..Y#D.#@# #..##.
#.........#D## #.....
...#.....#.Y.H##########.###.
###.........#.#[....))....###.
#..#...#..#.)############...
#....#....#..# #.#.
#...(.....#..# #...
#####.#####..# ##.# ... ...#
#.#


You could see a storm dragon (catching breath), a friendly larval firebat beast
(summoned), a friendly sixfirhy (summoned) and a friendly ice beast (summoned).

Vanquished Creatures
  An ettin (D:13)
  2 unseen horrors
  2 ugly things (D:12)
  A komodo dragon (D:11)
  2 trolls (D:13)
  A hornet (D:10)
  2 wyverns
  A warg (D:9)
  An acid dragon (D:13)
  A soldier ant (D:13)
  A water moccasin (D:13)
  Purgy (D:4)
  2 orc warriors
  6 sky beasts
  A black bear (D:6)
  An ice beast (D:12)
  3 ogres
  4 centaurs
  Blork the orc (D:6)
  2 big kobolds
  4 bullfrogs
  2 scorpions
  A wyvern skeleton (D:12)
  3 wights
  4 howler monkeys
  A quasit (D:11)
  A centaur zombie (D:12)
  6 hounds
  A jelly (D:10)
  5 orc priests
  6 orc wizards
  Crazy Yiuf (D:4)
  5 iguanas
  7 worker ants
  A hound skeleton (D:6)
  7 adders
  2 gnolls (D:4)
  A shadow imp (D:10)
  A white imp (D:4)
  A nameless horror (D:11)
  2 ufetubi
  An ooze (D:3)
  4 worms
  An adder skeleton (D:7)
  A dart slug (D:2)
  5 leopard geckos
  27 orcs
  6 bats
  2 giant cockroaches
  7 goblins
  11 hobgoblins
  11 jackals
  6 quokkas
  3 frilled lizards
  11 kobolds
  8 rats
202 creatures vanquished.

Vanquished Creatures (collateral kills)
  A hydra (D:12)
  A tengu warrior (D:10)
  3 ugly things
  A cyclops (D:10)
  A centaur zombie (D:10)
  Maurice (D:9)
  A centaur skeleton (D:11)
  A troll (D:10)
  A wraith (D:10)
  A warg (D:9)
  An orc warrior (D:9)
  A black bear (D:7)
  A phantom (D:10)
  3 ogres
  2 centaurs
  A big kobold (D:11)
  3 bullfrogs
  A wyvern skeleton (D:11)
  6 killer bees
  5 wights
  A quasit (D:11)
  A jelly (D:9)
  An orc priest (D:8)
  5 orc wizards
  2 bullfrog skeletons
  A worker ant (D:11)
  A worker ant zombie (D:11)
  2 adders
  2 gnolls (D:4)
  3 white imps
  11 orcs
  3 kobolds (D:11)
69 creatures vanquished.

Vanquished Creatures (others)
  A fulminant prism (D:13)
  2 fungi (D:9)
  4 plants (D:9)
7 creatures vanquished.

Grand Total: 278 creatures vanquished

Notes
Turn   | Place    | Note
-------+----------+-------------------------------------------
     0 | D:1      | Lavandula the Demonspawn Ice Elementalist began the quest
                  | for the Orb.
     0 | D:1      | Reached XP level 1. HP: 13/13 MP: 3/3
   294 | D:1      | Gained mutation: A weak demonic guardian rushes to your
                  | aid. [demonic ancestry]
   294 | D:1      | Reached XP level 2. HP: 19/19 MP: 5/5
   748 | D:2      | Found an iron altar of Okawaru.
   752 | D:2      | Found a burning altar of Makhleb.
   762 | D:2      | Gained mutation: You have a pair of small horns on your
                  | head. [demonic ancestry]
   762 | D:2      | Reached XP level 3. HP: 24/24 MP: 2/7
  1072 | D:2      | Learned a level 3 spell: Frozen Ramparts
  1114 | D:2      | Learned a level 3 spell: Ozocubu's Armour
  1573 | D:3      | Reached skill level 4 in Ice Magic
  1573 | D:3      | Reached XP level 4. HP: 20/30 MP: 9/9
  2215 | D:3      | Reached skill level 1 in Short Blades
  2244 | D:4      | Reached XP level 5. HP: 23/35 MP: 7/10
  2648 | D:4      | Found Wasmi's Weapon Shop.
  2785 | D:4      | Gained mutation: You have sharp toenails. [demonic
                  | ancestry]
  2785 | D:4      | Reached XP level 6. HP: 29/41 MP: 5/11
  2791 | D:4      | Learned a level 4 spell: Summon Ice Beast
  3082 | D:4      | Found a runed translucent door.
  3083 | D:4      | Noticed Crazy Yiuf
  3139 | D:4      | Killed Crazy Yiuf
  3211 | D:4      | Noticed Purgy
  3225 | D:4      | Killed Purgy
  3225 | D:4      | Reached skill level 5 in Ice Magic
  3437 | D:5      | Entered Level 5 of the Dungeon
  3601 | D:5      | Gained mutation: You have sharp fingernails. [demonic
                  | ancestry]
  3601 | D:5      | Reached XP level 7. HP: 43/46 MP: 10/12
  3674 | D:5      | Reached skill level 6 in Ice Magic
  3814 | D:5      | Found a broken altar of Ashenzari.
  4044 | D:5      | Got a jewelled hand crossbow
  4045 | D:5      | Identified the +4 hand crossbow "Orooq" {venom, Dex+4} (You
                  | found it on level 5 of the Dungeon)
  4096 | D:5      | Noticed Grinder
  4099 | D:5      | Found a white marble altar of Elyvilon.
  4522 | D:6      | Found Basim's Magic Scroll Boutique.
  4538 | D:6      | Bought a scroll of teleportation for 36 gold pieces
  4538 | D:6      | Bought a scroll of noise for 12 gold pieces
  4538 | D:6      | Bought a scroll of immolation for 42 gold pieces
  4538 | D:6      | Bought a scroll of teleportation for 36 gold pieces
  4538 | D:6      | Bought a scroll of identify for 24 gold pieces
  4538 | D:6      | Bought a scroll of identify for 24 gold pieces
  4538 | D:6      | Bought a scroll of identify for 24 gold pieces
  4538 | D:6      | Bought a scroll of identify for 24 gold pieces
  4538 | D:6      | Bought a scroll of identify for 24 gold pieces
  4538 | D:6      | Bought a scroll of identify for 24 gold pieces
  4602 | D:6      | Reached skill level 7 in Ice Magic
  4668 | D:6      | Found a staircase to the Ecumenical Temple.
  4693 | Temple   | Entered the Ecumenical Temple
  4751 | Temple   | Became a worshipper of Sif Muna the Loreminder
  4841 | D:6      | Reached skill level 1 in Summonings
  5361 | D:5      | Found a blossoming altar of Fedhas.
  5386 | D:6      | Noticed Blork the orc
  5398 | D:6      | Killed Blork the orc
  5398 | D:6      | Reached XP level 8. HP: 38/52 MP: 9/13
  5914 | D:7      | Reached skill level 5 in Summonings
  6018 | D:8      | Found a shimmering altar of Xom.
  6199 | D:8      | Noticed a +0 hand axe
  6199 | D:8      | Noticed a +0 hand axe
  6201 | D:8      | Found a hide-covered altar of Uskayaw.
  6312 | D:8      | Found a transporter.
  6313 | D:8      | Noticed ZhuZhu's ghost (novice OgBe)
  6325 | D:8      | Found a transporter.
  6813 | D:8      | Reached skill level 5 in Spellcasting
  6861 | D:8      | Learned a level 4 spell: Hailstorm
  7266 | D:9      | Found a staircase to the Orcish Mines.
  7519 | D:9      | Gained mutation: You regenerate a little health from kills.
                  | [demonic ancestry]
  7519 | D:9      | Reached XP level 9. HP: 38/57 MP: 10/16
  7670 | D:9      | Noticed Maurice
  7758 | D:9      | Reached skill level 8 in Ice Magic
  8039 | D:9      | Reached * piety under Sif Muna
  8157 | D:9      | Found a staircase to the Lair.
  8255 | D:9      | Killed Maurice
  8255 | D:9      | Reached skill level 9 in Ice Magic
  8281 | D:10     | Entered Level 10 of the Dungeon
  8283 | D:10     | Found Ocwesm's Gadget Emporium.
  8330 | D:10     | Found Warum's General Store.
  8343 | D:10     | Reached ** piety under Sif Muna
  8502 | D:10     | Noticed a troll
  8699 | D:10     | Found Igacw's Distillery.
  8732 | D:10     | Bought a potion of brilliance for 52 gold pieces
  8732 | D:10     | Bought a potion of heal wounds for 65 gold pieces
  8732 | D:10     | Bought a potion of curing for 39 gold pieces
  8738 | D:10     | Reached skill level 10 in Ice Magic
  8743 | D:10     | Killed a troll
  8774 | D:10     | Noticed a cyclops
  8881 | D:10     | Killed a cyclops
  8885 | D:10     | Got a pair of spiked gloves
  8891 | D:10     | Identified the +0 pair of gloves "Leatha" {*Corrode rF+
                  | rN+++} (You found it on level 10 of the Dungeon)
  9023 | D:10     | Noticed a tengu warrior
  9065 | D:10     | Killed a tengu warrior
  9065 | D:10     | Reached skill level 11 in Ice Magic
  9065 | D:10     | Gained mutation: You have a pair of horns on your head.
                  | [demonic ancestry]
  9065 | D:10     | Reached XP level 10. HP: 21/63 MP: 3/17
  9316 | D:10     | Found Dipsogewn's Distillery.
  9401 | D:10     | Found Xinwyciu's Book Shoppe.
  9476 | D:10     | Killed an unseen horror
  9703 | D:11     | Reached skill level 5 in Invocations
 10074 | D:11     | Reached *** piety under Sif Muna
 10150 | D:11     | Noticed Urug
 10300 | D:11     | Reached skill level 1 in Conjurations
 10429 | D:11     | Noticed a white ugly thing
 10457 | D:11     | Killed a white ugly thing
 10546 | D:11     | Upgraded the game from 0.26-a0-665-gefeb406119 to
                  | 0.26-a0-667-g92642533e4
 10669 | D:11     | Found Wevi's Antique Armour Emporium.
 10763 | D:12     | Noticed a four-headed hydra
 10774 | D:12     | Killed a four-headed hydra
 10774 | D:12     | Reached skill level 5 in Conjurations
 11059 | D:12     | Noticed a cyan ugly thing
 11063 | D:12     | Found Geeruus's Assorted Antiques.
 11075 | D:12     | Killed a cyan ugly thing
 11277 | D:12     | Gained mutation: A demonic guardian rushes to your aid.
                  | [demonic ancestry]
 11277 | D:12     | Reached XP level 11. HP: 68/68 MP: 18/18
 11387 | D:12     | Noticed a white ugly thing
 11398 | D:12     | Killed a white ugly thing
 11400 | D:12     | Noticed a brown ugly thing
 11411 | D:12     | Killed a brown ugly thing
 11459 | D:12     | Learned a level 4 spell: Fulminant Prism
 11902 | D:13     | Found Jaoliu Tatt's Armour Boutique.
 11902 | D:13     | Noticed a red ugly thing
 11907 | D:13     | Killed a red ugly thing
 12385 | D:13     | Killed an unseen horror
 12557 | D:13     | Noticed an ettin
 12570 | D:13     | Killed an ettin
 12572 | D:13     | Reached skill level 5 in Short Blades
 12583 | D:13     | Noticed a storm dragon
 12604 | D:13     | Slain by a storm dragon

Illustrated notes

Levels and vault maps discovered:
D:1:      lightli_arrival_statue_moat, layout_loops_ring
D:2:      layout_basic, grunt_temple_overflow_open
D:3:      layout_loops_cross, grunt_ministairs_3, hangedman_decor_push
D:4:      layout_basic, serial_shops, shop, minmay_fountain_box,
          minmay_box_of_dots, uniq_purgy, uniq_crazy_yiuf_cottage
D:5:      layout_basic, ashenzari_altar_1, lemuel_round_altar, tgw_fedhas,
          uniq_grinder
D:6:      layout_loops_cross, minmay_temple_entry_crystal_x, serial_shops, shop,
          minmay_strange_pillars, uniq_blork_the_orc
D:7:      layout_rooms, minmay_misc_feat_encased
D:8:      layout_loops_ring, dancing_weapons_uskayaw,
          brannock_xom_greatest_gift, gammafunk_ghost_smash
D:9:      layout_irregular_city, dpeg_oklobed_lair, minmay_orc_entry_guard_dogs,
          minmay_misc_feat_five, uniq_maurice
D:10:     layout_cave_pools, serial_shops, shop, kennysheep_little_box,
          nicolae_shop_competitors_out_of_business, shop_fountains,
          nicolae_shop_crystal
D:11:     layout_small_grid, serial_shops, shop, grunt_decor_mini_mirrors,
          uniq_urug
D:12:     layout_cave_pods, serial_shops, shop_statue, serial_park_tiny_pond
D:13:     cheibrodos_statue_roulette, layout_loops_ring, serial_shops,
          nicolae_shop_trees, minmay_the_grid_2x2 [minmay_the_grid_rooms,
          minmay_the_grid_pillar_ring, minmay_the_grid_outer_circle,
          minmay_the_grid_prize_diamond_cup]
Temple:   eino_temple_rhombus

Skill      XL: |  1  2  3  4  5  6  7  8  9 10 11 |
---------------+----------------------------------+-----
Spellcasting   | 3 5 6 |  6.2
Ice Magic      | 4 5 7 11 | 11.2
Short Blades   | 1 3 5 |  5.0
Summonings     | 3 6 |  6.0
Invocations    | 6 |  6.8
Conjurations   | 6 7 |  7.0
Hexes          | 2 |  2.8
Dodging        | |  1.7
Stealth        | |  1.7

Action                   |  1- 3 |  4- 6 |  7- 9 | 10-12 || total
-------------------------+-------+-------+-------+-------++-------
Melee: Dagger            |    60 |    56 |   193 |   146 ||   455
       Unarmed           |     1 |       |       |       ||     1
       Headbutt          |     6 |     5 |    20 |    18 ||    49
Throw: Dart              |       |    12 |     4 |     3 ||    19
 Cast: Freeze            |    36 |    37 |    20 |     8 ||   101
       Frozen Ramparts   |       |     4 |    20 |    28 ||    52
       Ozocubu's Armour  |       |       |     6 |     5 ||    11
       Summon Ice Beast  |       |       |    31 |    28 ||    59
       Hailstorm         |       |       |       |     2 ||     2
       Fulminant Prism   |       |       |       |     1 ||     1
Invok: Channel Magic     |       |       |       |     2 ||     2
Evoke: Box of beasts     |       |       |     3 |     1 ||     4
       Wand              |       |       |       |     2 ||     2
  Use: Scroll            |       |     7 |    14 |     4 ||    25
       Potion            |       |       |     2 |     3 ||     5
 Stab: Sleeping          |     6 |     2 |     3 |     3 ||    14
       Distracted        |       |       |     2 |       ||     2
Armor: Robe              |     9 |    14 |    72 |    63 ||   158
Dodge: Dodged            |    50 |    48 |   136 |    68 ||   302
Block: Other             |       |       |    47 |    31 ||    78
       Reflection        |       |       |     4 |     1 ||     5

Table legend: (Time is in decaauts)
 A = Elapsed time spent in this place.
 B = Non-inter-level travel time spent in this place.
 C = Inter-level travel time spent in this place.
 D = Time resting spent in this place.
 E = Time spent auto-exploring this place.
 F = Levels seen in this place.
 G = Mean time per level.
                   A        B        C        D        E       F      G
               +--------+--------+--------+--------+--------+-----+--------+
         Total |  12530 |  12187 |    343 |    978 |   8457 |  14 |  895.0 |
       Dungeon |  12461 |  12128 |    333 |    978 |   8400 |  13 |  958.5 |
        Temple |     68 |     58 |     10 |      0 |     57 |   1 |   68.0 |
               +--------+--------+--------+--------+--------+-----+--------+

Top non-repeatable levels by time:
    D:11: 1401 daAuts
     D:8: 1321 daAuts
     D:4: 1194 daAuts
     D:6: 1133 daAuts
    D:12: 1116 daAuts
     D:2: 1098 daAuts
    D:10: 1056 daAuts
     D:9: 979 daAuts
     D:5: 849 daAuts
     D:3: 792 daAuts
    D:13: 708 daAuts
     D:7: 461 daAuts
     D:1: 348 daAuts
  Temple: 68 daAuts
